Map: Amygdala

Players

Sivolc - Winner!

  • Race: Zerg Zerg
  • Spawn Location: 7:00

VOD

Have the link to the VOD?

Description

Time

  • Played on: Feb. 10, 2025, 4:39 a.m.
  • Length: 24:45
Show
View Real Time Build Order
Export as new Build Order

Sivolc Zerg - Winner!

Build Orders:  

Get SALT Encoding   

  12  0:00  Drone  
  13  0:11  Drone  
  14  0:24  Overlord  
  14  0:50  Drone  
  14  0:53  Drone  
  14  0:57  Drone  
  17  1:26  Drone x2  
  19  1:30  Hatchery  
  19  1:33  Extractor  
  19  1:38  Drone  
  18  1:50  Spawning Pool  
  18  1:52  Drone  
  18  2:09  Drone  
  19  2:24  Drone  
  20  2:37  Overlord  
  20  3:01  Zergling x2  
  20  3:03  Queen  
  23  3:11  Queen  
  23  3:12  Drone  
  26  3:23  Extractor  
  25  3:37  Hatchery  
  24  3:46  Zergling x4  
  24  3:47  Zergling x2  
  27  3:50  Metabolic Boost  
  27  4:15  Drone  
  28  4:22  Overlord x2  
  28  4:42  Evolution Chamber  
  27  4:50  Queen  
  29  5:10  Drone  
  29  5:11  Drone  
  29  5:15  Drone x2  
  30  5:31  Roach Warren  
  30  5:34  Zerg Ground Armor Level 1  
  29  5:57  Drone x2  
  29  5:58  Drone  
  29  5:59  Queen  
  34  6:15  Drone x2  
  34  6:16  Drone x2  
  34  6:18  Drone  
  39  6:24  Drone  
  40  6:34  Roach x2  
  44  6:44  Roach  
  44  6:46  Roach  
  44  6:49  Roach  
  50  6:59  Overlord  
  50  7:00  Overlord  
  50  7:06  Overlord  
  50  7:26  Drone  
  50  7:27  Drone x4  
  50  7:29  Drone  
  56  7:30  Drone  
  57  7:53  Roach  
  57  7:54  Roach  
  57  7:58  Lair  
  61  8:02  Drone x2  
  61  8:03  Drone  
  64  8:14  Zerg Missile Weapons Level 1  
  64  8:42  Roach  
  64  8:43  Roach  
  64  8:46  Roach x3  
  74  9:07  Overlord x3  
  74  9:08  Overlord  
  74  9:32  Queen  
  66  10:03  Zergling x2  
  66  10:04  Zergling x14  
  66  10:19  Zergling x2  
  59  10:20  Zergling x10  
  61  10:47  Queen  
  63  10:58  Zerg Ground Armor Level 2  
  63  11:18  Infestation Pit  
  62  11:25  Roach x2  
  62  11:26  Roach x7  
  62  11:29  Roach x6  
  70  11:30  Roach  
  92  11:35  Extractor  
  92  11:37  Extractor  
  92  11:38  Extractor  
  91  11:40  Extractor  
  90  11:58  Hatchery  
  89  12:06  Glial Reconstitution  
  89  12:09  Pneumatized Carapace  
  89  12:59  Hive  
  89  13:04  Overseer  
  89  13:12  Queen  
  89  13:14  Queen  
  89  13:17  Hatchery  
  89  13:18  Overlord x3  
  92  13:56  Tunneling Claws  
  92  13:58  Drone x2  
  94  14:00  Queen  
  94  14:08  Zerg Missile Weapons Level 2  
  96  14:24  Hydralisk Den  
  95  14:38  Drone x3  
  98  14:56  Roach x4  
  98  14:57  Roach x12  
  130  15:23  Zergling x6  
  130  15:24  Zergling x8  
  98  16:39  Drone x3  
  101  16:41  Queen  
  103  17:48  Hydralisk x2  
  103  17:49  Hydralisk x9  
  108  17:50  Hydralisk x2  
  125  17:55  Overlord x2  
  125  17:56  Overlord  
  129  18:18  Overlord x2  
  129  18:19  Overlord  
  129  18:31  Hydralisk  
  129  18:32  Hydralisk x2  
  135  18:42  Drone x2  
  135  18:43  Drone x3  
  135  18:49  Hydralisk x6  
  152  19:05  Roach x2  
  156  19:19  Roach  
  158  19:20  Roach x3  
  158  19:24  Zerg Ground Armor Level 3  
  164  19:37  Evolution Chamber  
  163  19:52  Overlord x3  
  163  20:48  Unknown  
  155  20:55  Adrenal Overload  
  111  21:21  Hydralisk  
  111  21:22  Hydralisk x10  
  111  21:27  Hydralisk x4  
  111  21:28  Hydralisk x10  
  161  21:32  Roach x3  
  161  21:35  Roach  
  161  21:36  Roach x2  
  161  21:39  Roach  
  175  21:40  Roach x2  
  177  22:18  Unknown  
  147  23:08  Hydralisk  
  147  23:09  Hydralisk x9  
  161  23:14  Hydralisk x3  
  161  23:17  Hydralisk  
  161  23:18  Hydralisk x2  
  173  23:21  Hydralisk x3  
  173  23:22  Hydralisk  
  179  23:48  Unknown  
Tags
 
Matchup
Co-op
Add a new tag
Caveats
  • Supply blocks, unpowered buildings, or Contaminate may cause inaccurate times.
  • Supply counts are checked every 10 seconds.